 Dungeon Crawl Stone Soup version 0.22-a0-162-g33bf127 (webtiles) character file.

101 Amnesiac the Digger (level 4, -6/30 HPs)
             Began as a Mummy Earth Elementalist on Feb 12, 2018.
             Mangled by a phantom (10 damage)
             ... on level 4 of the Dungeon.
             The game lasted 00:02:37 (789 turns).

Amnesiac the Digger (Mummy Earth Elementalist)       Turns: 789, Time: 00:02:38

Health: -6/30      AC:  3    Str: 11    XL:     4   Next: 48%
Magic:  0/9        EV: 12    Int: 15    God:
Gold:   73         SH:  0    Dex: 12    Spells: 3/10 levels left

rFire    x . .     SeeInvis .   e - +0 short sword
rCold    + . .     Gourm    .   (no shield)
rNeg     + + +     Faith    .   c - +0 robe
rPois    ∞         Spirit   .   (no helmet)
rElec    .         Reflect  .   (no cloak)
rCorr    .         Harm     .   (no gloves)
MR       .....                  j - +0 pair of boots (curse)
Stlth    ++........             (no amulet)
HPRegen  0.10/turn              (no ring)
MPRegen  0.11/turn              (no ring)

@: no status effects
A: no food or potions, fire vulnerability, cold resistance 1, negative energy
resistance 3, torment resistance, unbreathing
a: no special abilities


You were on level 4 of the Dungeon.
You were not hungry.

You visited 1 branch of the dungeon, and saw 4 of its levels.

You collected 73 gold pieces.

Inventory:

Hand Weapons
 e - a +0 short sword (weapon)
Missiles
 b - 41 stones (quivered)
Armour
 c - a +0 robe (worn)
 j - a cursed +0 pair of boots (worn)
Wands
 f - a wand of acid (11)
Scrolls
 a - a scroll of remove curse {!r, unknown}
 g - a scroll of blinking {!r, unknown}
 h - a scroll of teleportation {!r, unknown}
Books
 d - a book of Geomancy

   Spells                             Type                      Level
   a - Sandblast                      Earth                        1
   b - Passwall                       Transmutation/Earth          2
   c - Stone Arrow                    Conjuration/Earth            3
   d - Petrify                        Transmutation/Earth          4
   e - Lee's Rapid Deconstruction     Earth                        5
 i - a book of Conjurations

   Spells                             Type                      Level
   a - Magic Dart                     Conjuration                  1
   b - Searing Ray                    Conjuration                  2
   c - Dazzling Spray                 Conjuration/Hexes            3
   d - Fulminant Prism                Conjuration/Hexes            4
   e - Force Lance                    Conjuration/Translocation    4
   f - Iskenderun's Mystic Blast      Conjuration                  4


   Skills:
 - Level 1.5 Dodging
 - Level 1.5 Stealth
 + Level 3.9 Spellcasting
 - Level 0.7 Transmutations
 * Level 3.9 Earth Magic


You had 3 spell levels left.
You knew the following spells:

 Your Spells              Type           Power        Failure   Level  Hunger
a - Sandblast             Erth           ##....       3%          1    N/A
b - Passwall              Tmut/Erth      #.........   11%         2    N/A
e - Petrify               Tmut/Erth      #.......     56%         4    N/A

Dungeon Overview and Level Annotations

Branches:
Dungeon (4/15)
 Temple: D:4-7

Altars:
Dithmenos


Innate Abilities, Weirdness & Mutations

You do not eat or drink.
Your flesh is vulnerable to fire.
You are immune to poison.
Your flesh is cold resistant. (rC+)
You are immune to negative energy. (rN+++)
You are immune to unholy pain and torment.
You can survive without breathing.


Message History

Press: ? - help, Shift-Dir - straight line, f/p - phantom
Aim: a phantom (heavily damaged)
The blast of sand hits the phantom.
The phantom is heavily damaged.
b - 47 stones
Casting: Sandblast (safe; 3% risk of failure)
Confirm with . or Enter, or press ? or * to list all spells.
Aiming: Sandblast (safe; 3% risk of failure)
Press: ? - help, Shift-Dir - straight line, f/p - phantom
Aim: a phantom (heavily damaged)
The blast of sand hits the phantom.
The phantom is heavily damaged.
b - 46 stones
Casting: Sandblast (safe; 3% risk of failure)
Confirm with . or Enter, or press ? or * to list all spells.
Aiming: Sandblast (safe; 3% risk of failure)
Press: ? - help, Shift-Dir - straight line, f/p - phantom
Aim: a phantom (heavily damaged)
The blast of sand hits the phantom.
The phantom is heavily damaged.
b - 45 stones The phantom hits you!
* * * LOW HITPOINT WARNING * * *
The phantom blinks!
Casting: Sandblast (safe; 3% risk of failure)
Confirm with . or Enter, or press ? or * to list all spells.
Aiming: Sandblast (safe; 3% risk of failure)
Press: ? - help, Shift-Dir - straight line, f/p - phantom
Aim: a phantom (heavily damaged)
The blast of sand hits the phantom.
The phantom is heavily damaged.
b - 44 stones
Casting: Sandblast (safe; 3% risk of failure)
Confirm with . or Enter, or press ? or * to list all spells.
Aiming: Sandblast (safe; 3% risk of failure)
Press: ? - help, Shift-Dir - straight line, f/p - phantom
Aim: a phantom (heavily damaged)
The blast of sand hits the phantom.
The phantom is severely damaged.
b - 43 stones Unknown command.
Press < or > to pray at altars.
Casting: Sandblast (safe; 3% risk of failure)
Confirm with . or Enter, or press ? or * to list all spells.
Aiming: Sandblast (safe; 3% risk of failure)
Press: ? - help, Shift-Dir - straight line, f/p - phantom
Aim: a phantom (severely damaged)
The blast of sand hits the phantom.
The phantom is almost destroyed.
b - 42 stones The phantom hits you but does no damage.
Unknown command.
Press < or > to pray at altars.
The phantom blinks!
Casting: Sandblast (safe; 3% risk of failure)
Confirm with . or Enter, or press ? or * to list all spells.
Aiming: Sandblast (safe; 3% risk of failure)
Press: ? - help, Shift-Dir - straight line, f/p - phantom
Aim: a phantom (almost destroyed)
The blast of sand hits the phantom.
The phantom is almost destroyed.
b - 41 stones The phantom hits you!
You die...

.........#.#†#####
#.......###...#
#......## ##..#
..##.....## ##.# #
#.##......## #.%#
.##.##.##.##.# #.#.#
......#...#.#####.#
####.###.....##...#.#
......#.......#_@W'.#
#..†.........#...###
#............#####
###...........#.#
##............#
......##.....#####
.########...## #...#
#...#


You could see a phantom.

Vanquished Creatures
  A howler monkey (D:2)
  A hound (D:4)
  An adder (D:4)
  A worm (D:4)
  A dart slug (D:1)
  2 leopard geckos (D:4)
  A giant cockroach (D:3)
  A hobgoblin (D:2)
  3 kobolds
  3 ball pythons
  2 bats (D:3)
  3 rats
20 creatures vanquished.

Notes
Turn   | Place    | Note
-------+----------+-------------------------------------------
     0 | D:1      | Amnesiac the Mummy Earth Elementalist began the quest for the Orb.
     0 | D:1      | Reached XP level 1. HP: 13/13 MP: 4/4
    82 | D:2      | Noticed a howler monkey
    87 | D:2      | Killed a howler monkey
    87 | D:2      | Reached XP level 2. HP: 16/19 MP: 0/6
    87 | D:2      | Reached XP level 3. HP: 21/24 MP: 0/7
   566 | D:4      | Reached XP level 4. HP: 30/30 MP: 6/9
   582 | D:4      | Learned a level 2 spell: Passwall
   587 | D:4      | Learned a level 4 spell: Petrify
   761 | D:4      | Found a shadowy altar of Dithmenos.
   761 | D:4      | Noticed a phantom
   789 | D:4      | Mangled by a phantom

Vault maps used:
D:1:      minmay_arrival_glassed_features
D:3:      okawaru_metal_pillars_3
D:4:      yredelemnul_forgotten_temple_becter, first_ration,
          grunt_dithmenos_shadows

Skill      XL: |  1 |
---------------+----+-----
Spellcasting   | 3 |  3.9
Earth Magic    | 3 |  3.9
Dodging        | |  1.5
Stealth        | |  1.5
Transmutations | |  0.7

Action                   |  1- 3 |  4- 6 || total
-------------------------+-------+-------++-------
Melee: Unarmed           |     2 |       ||     2
       Short sword       |    38 |     6 ||    44
 Cast: Sandblast         |    13 |    15 ||    28
       Passwall          |       |     1 ||     1
 Stab: Sleeping          |     1 |     1 ||     2
Armor: Robe              |    12 |     3 ||    15
Dodge: Dodged            |    39 |     7 ||    46

Table legend:
 A = Spawn XP
 B = Non-spawn XP
 C = Spawn XP percentage of total XP
 D = Spawn monster count
 E = Non-spawn monster count
 F = Spawn count percentage of total count
 G = Total turns spent on level
                    A         B        C        D         E        F      G
               +---------+---------+-------+---------+---------+-------+---------
         Total |       0 |     145 |   0.0 |       0 |      20 |   0.0 |   789
               +---------+---------+-------+---------+---------+-------+---------
           D:1 |       0 |       7 |   0.0 |       0 |       3 |   0.0 |    73
           D:2 |       0 |      62 |   0.0 |       0 |       5 |   0.0 |   298
           D:3 |       0 |       8 |   0.0 |       0 |       5 |   0.0 |   149
           D:4 |       0 |      68 |   0.0 |       0 |       7 |   0.0 |   269
               +---------+---------+-------+---------+---------+-------+---------
